Map: Tokamak LE

Players

Yingling

  • Race: Protoss Protoss
  • League: Gold
  • Spawn Location: 7:00

javmuso - Winner!

  • Race: Terran Terran
  • League: Silver
  • Spawn Location: 1:00

VOD

Have the link to the VOD?

Description

Time

  • Played on: May 25, 2025, 9:34 p.m.
  • Length: 10:49
Show
View Real Time Build Order
Export as new Build Order

Yingling Protoss 

Build Orders:  

Get SALT Encoding   

  12  0:00  Probe  
  13  0:16  Pylon  
  13  0:28  Probe  
  14  0:37  Probe  
  15  0:45  Gateway  
  15  0:46  Probe  
  16  0:58  Probe  
  16  1:00  Assimilator  
  17  1:10  Probe  
  18  1:22  Pylon  
  18  1:24  Probe  
  19  1:34  Cybernetics Core  
  19  1:36  Probe  
  19  1:39  Pylon  
  20  1:44  Zealot  
  20  1:50  Pylon  
  20  1:51  Probe  
  23  2:08  Assimilator, Warp Gate  
  23  2:09  Zealot  
  23  2:12  Probe  
  26  2:24  Probe  
  27  2:30  Twilight Council  
  27  2:36  Pylon  
  27  2:38  Shield Battery  
  27  2:46  Zealot  
  29  2:56  Charge  
  29  3:14  Gateway  
  29  3:17  Gateway  
  29  3:53  Forge  
  19  4:17  Stalker x3  
  14  4:35  Probe  
  14  4:43  Zealot  
  14  4:45  Probe  
  17  4:53  Probe  
  18  5:02  Probe  
  19  5:14  Probe  
  20  5:49  Stalker  
  22  5:56  Probe  
  19  6:42  Probe  
  20  6:50  Probe  
  11  7:08  Probe  
  12  7:33  Probe  
  13  7:48  Probe  
  13  8:20  Stalker  
  15  8:28  Probe  
  16  8:36  Probe  
  16  8:40  Protoss Ground Armor Level 1  
  17  9:14  Probe  
  17  9:22  Probe  
  19  9:32  Probe  
  19  9:36  Zealot  
  22  9:44  Probe  
  23  10:25  Probe  
  24  10:33  Probe  
Show
View Real Time Build Order
Export as new Build Order

javmuso Terran - Winner!

Build Orders:  

Get SALT Encoding   

  12  0:14  Supply Depot, SCV  
  13  0:26  SCV  
  14  0:31  Refinery  
  14  0:41  SCV  
  15  0:53  SCV  
  16  0:57  Supply Depot  
  16  1:12  Barracks  
  17  1:18  SCV  
  17  1:23  Supply Depot  
  17  1:30  SCV  
  18  1:42  SCV  
  19  1:48  Barracks  
  19  2:01  Orbital Command  
  19  2:05  Reaper, Refinery  
  20  2:09  Bunker  
  20  2:35  Reaper  
  21  2:37  Reaper  
  21  2:43  Factory  
  22  3:08  Barracks  
  22  3:09  Reaper  
  22  3:10  Reaper  
  24  3:15  Supply Depot  
  24  3:29  SCV  
  25  3:37  Factory Tech Lab  
  25  3:41  SCV  
  25  3:46  Marine x2  
  28  3:53  SCV  
  29  3:57  Siege Tank  
  32  4:04  Marine x2  
  32  4:05  SCV  
  35  4:17  SCV  
  35  4:44  Siege Tank  
  38  4:50  Reaper x2  
  40  5:16  Siege Tank  
  36  5:40  Bunker  
  35  5:43  Barracks Reactor  
  31  6:26  Orbital Command  
  31  6:56  Marine x2  
  30  7:04  Bunker  
  30  7:13  Supply Depot  
  30  7:23  Supply Depot  
  30  7:32  Refinery  
  30  8:22  Siege Tank  
  33  8:34  Bunker  
  33  8:42  Bunker  
  33  8:45  Marine x3, Supply Depot  
  33  8:48  Barracks Tech Lab  
  36  8:56  Refinery  
  36  9:03  Marine x3  
  39  9:17  Supply Depot  
  39  9:19  Engineering Bay  
  39  9:38  Siege Tank  
  42  9:47  SCV  
  42  9:50  Barracks Tech Lab  
  43  9:54  Marine, Marauder  
  47  10:00  SCV  
  44  10:12  Starport, SCV  
  45  10:23  Supply Depot  
  45  10:24  SCV  
Tags
 
Matchup
PvT
Spawn Locations
Cross Positions
Add a new tag
Caveats
  • Supply blocks, unpowered buildings, or Contaminate may cause inaccurate times.
  • Supply counts are checked every 10 seconds.